 Seeded DCSS version 0.29.1-2-gbd0b4ee654 (webtiles) character file.

Game seed: 1 (custom seed)

1766 Kazon the Trooper (level 8, -2/111 HPs)
             Began as a Pale Draconian Berserker on Oct 25, 2022.
             Was an Elder of Trog.
             Killed from afar by Maggie (17 damage)
             ... with a bolt of fire
             ... on level 6 of the Dungeon.
             The game lasted 00:25:03 (3915 turns).

Kazon the Trooper (Pale Draconian Berserker)        Turns: 3915, Time: 00:25:04

Health: -2/111     AC:  9    Str: 21    XL:     8   Next: 80%
Magic:  8/8        EV: 13    Int:  8    God:    Trog [****..]
Gold:   210        SH:  8    Dex: 11    Spells: 7/7 levels left

rFire   . . .      SeeInvis .   s - +3 falchion of Winter {venom, rCorr}
rCold   + . .      Faith    .   c - +3 warlock's mirror {reflect}
rNeg    + . .      Spirit   .   (body armour unavailable)
rPois   .          Reflect  +   (helmet restricted)
rElec   .          Harm     .   (no cloak)
rCorr   +          Rampage  .   (no gloves)
Will    .....                   l - +2 pair of boots
Stlth   ..........              b - amulet of the acrobat
HPRegen 0.28/turn               p - ring of positive energy
MPRegen 0.11/turn               D - ring of protection from cold

@: berserking, very quick
A: breathe steam, AC +6, unfitting armour, cold-blooded, steam resistance
a: Breathe Steam, Renounce Religion, Berserk, Trog's Hand, Brothers in Arms


You were on level 6 of the Dungeon.
You worshipped Trog.
Trog was greatly pleased with you.
You visited 1 branch of the dungeon, and saw 6 of its levels.

You collected 394 gold pieces.
You spent 184 gold pieces at shops.

Inventory:

Hand Weapons
 a - a +1 long sword of protection
 e - a +3 dagger of venom
 s - the +3 falchion of Winter (weapon) {venom, rCorr}
   (You bought it in a shop on level 3 of the Dungeon)

   It poisons the flesh of those it strikes.
   rCorr:     It protects you from acid and corrosion.
 w - a +1 sling of flaming
Missiles
 g - 30 stones (quivered)
 m - 5 boomerangs
 n - a throwing net
 B - 2 curare-tipped darts
Armour
 c - the +3 warlock's mirror (worn) {reflect}
   (You acquired it on level 1 of the Dungeon)

   It can block and reflect piercing ranged attacks and magical attacks against
   the wielder's willpower.
 l - a +2 pair of boots (worn)
Jewellery
 b - an amulet of the acrobat (around neck)
 p - a ring of positive energy (left hand)
 D - a ring of protection from cold (right hand)
Wands
 z - a wand of mindburst (20)
 C - a wand of flame (14)
Scrolls
 i - 2 scrolls of identify
 j - 2 scrolls of immolation {unknown}
 k - a scroll of magic mapping {unknown}
 o - a scroll of fog {unknown}
 q - a scroll of poison {unknown}
 t - a scroll of teleportation {unknown}
 v - 2 scrolls of noise {unknown}
 y - a scroll of enchant weapon
Potions
 d - 2 potions of haste
 f - a potion of brilliance {unknown}
 h - 2 potions of berserk rage
 r - 2 potions of ambrosia
 u - 3 potions of lignification
 A - a potion of cancellation


   Skills:
 + Level 7.7 Fighting
 + Level 2.0(4.8) Short Blades
 + Level 7.0(7.1) Long Blades
 + Level 0.2 Ranged Weapons
 + Level 4.6 Throwing
 + Level 6.0 Dodging
 + Level 5.6 Stealth
 + Level 5.4 Shields
 * Level 0.9 Evocations


You had 7 spell levels left.
You didn't know any spells.
Your spell library was empty.

Dungeon Overview and Level Annotations

Branches:
Dungeon (6/15)
 Temple: D:4-7

Altars:
Hepliaklqana

Shops:
D:3 (

Annotations:
D:6 Maggie


Innate Abilities, Weirdness & Mutations

You can breathe blasts of scalding, opaque steam.
Your pale cyan-grey scales are hard. (AC +6)
You cannot fit into any form of body armour.
You are cold-blooded and may be slowed by cold attacks.
You are immune to the effects of steam.


Message History

Aiming: Breathe Steam (1% risk of failure)
Press: ? - help, Shift-Dir - straight line, f - Maggie
Aim: Maggie, wielding a +0 glaive and wearing +0 acid dragon scales (71% to hit)
You exhale a blast of scalding steam.
Trog accepts your kill.
You feel a bit more experienced.
You hit Maggie.
Maggie is heavily wounded.
Maggie hits you with a +0 glaive!
You barely miss Maggie.
Maggie is heavily wounded.
Maggie hits you with a +0 glaive.
You hit Maggie.
Maggie is poisoned.
Maggie is heavily wounded.
Maggie points at you and mumbles some strange words.
The bolt of fire misses you.
You hit Maggie.
Maggie looks as sick as possible!
Your tail-slap misses Maggie.
Maggie is severely wounded.
You have got your breath back.
Maggie misses you.
You hit Maggie but do no damage.
Maggie is severely wounded.
Maggie hits you with a +0 glaive!
You hit Maggie.
Maggie looks as sick as possible!
Maggie is severely wounded.
Maggie gestures at you while chanting. The bolt of fire hits you!!
You closely miss Maggie.
Maggie is severely wounded.
Maggie hits you with a +0 glaive!
* * * LOW HITPOINT WARNING * * *
A red film seems to cover your vision as you go berserk!
You feel yourself moving faster!
You feel mighty! Maggie gestures at you while chanting.
The bolt of fire misses you.
You slash Maggie!
Maggie looks as sick as possible!
Maggie is almost dead.
Maggie gestures at you while chanting. The bolt of fire hits you!
You die...

#...####.#.#...)..#
#...##...#.##...#[.#
#)#.##)..#..##)#####
#.#.#....#...#'#...+
#)#.#...'#........# ..
#)#.#.###........###.#
#.#.####........!#.#..
#.#.+.."....#...#![#.#
#.#.####@.......†#!#.#
#...# ##@!......###.#
#.#.#...§#........##.#
#.#.#...§#...#'#...'.#
#.#.##$@J#..##.#####.#
#.#.##..§#.##..†#..#.#
#.#.####.#.#..=...##.#
#...######+#########.#
#.#..................#


You could see Maggie (extremely poisoned).

Vanquished Creatures
  Eustachio (D:5)
  Menkaure (D:5)
  A water moccasin (D:5)
  A sky beast (D:5)
  2 centaurs (D:5)
  A phantom (D:6)
  A necrophage (D:5)
  5 scorpions
  A howler monkey (D:5)
  A jelly (D:6)
  A hound (D:4)
  2 orc priests
  6 iguanas
  Robin (D:3)
  6 gnolls
  10 adders
  A shadow imp (D:6)
  An ufetubus (D:5)
  3 worms
  9 orcs
  11 endoplasms
  A giant cockroach (D:1)
  16 goblins
  9 hobgoblins
  A jackal (D:4)
  4 kobolds
  A quokka (D:1)
  5 ball pythons
  4 bats
  3 frilled lizards
  6 rats
116 creatures vanquished.

Notes
Turn   | Place    | Note
-------+----------+-------------------------------------------
     0 | D:1      | Kazon the Draconian Berserker began the quest for the Orb.
     0 | D:1      | Reached XP level 1. HP: 19/19 MP: 1/1
    32 | D:1      | Identified a scroll of acquirement
    32 | D:1      | Acquired the +3 warlock's mirror {reflect}
    32 | D:1      | Found the +3 warlock's mirror {reflect}
   298 | D:1      | Reached XP level 2. HP: 22/26 MP: 2/2
   801 | D:2      | Reached XP level 3. HP: 31/31 MP: 3/3
   890 | D:2      | Reached ** piety under Trog
  1335 | D:2      | Reached XP level 4. HP: 36/40 MP: 4/4
  1470 | D:3      | Found Umat's Antique Weapon Boutique.
  1500 | D:3      | Bought a crude falchion for 184 gold pieces
  1500 | D:3      | Identified the +3 falchion of Winter {venom, rCorr} (You
                  | bought it in a shop on level 3 of the Dungeon)
  1560 | D:3      | Reached skill level 1 in Shields
  1560 | D:3      | Noticed Robin
  1635 | D:3      | Reached skill level 1 in Throwing
  1635 | D:3      | Reached XP level 5. HP: 16/46 MP: 5/5
  1978 | D:3      | Reached skill level 5 in Dodging
  1978 | D:3      | Reached skill level 5 in Shields
  1978 | D:3      | Reached XP level 6. HP: 58/58 MP: 6/6
  2051 | D:3      | Reached *** piety under Trog
  2111 | D:3      | Killed Robin
  2169 | D:4      | Reached skill level 1 in Short Blades
  2377 | D:4      | Found a hazy altar of Hepliaklqana.
  2537 | D:4      | Your scales start taking on a pale cyan-grey colour.
  2537 | D:4      | Reached XP level 7. HP: 65/66 MP: 7/7
  2537 | D:4      | Gained mutation: You are immune to the effects of steam.
                  | [Pale Draconian growth]
  2979 | D:5      | Entered Level 5 of the Dungeon
  3012 | D:5      | Reached skill level 5 in Stealth
  3335 | D:5      | Noticed Menkaure
  3345 | D:5      | Killed Menkaure
  3346 | D:5      | Reached XP level 8. HP: 73/73 MP: 8/8
  3442 | D:5      | Noticed Eustachio
  3458 | D:5      | Killed Eustachio
  3458 | D:5      | Reached **** piety under Trog
  3901 | D:6      | Noticed Maggie
  3915 | D:6      | Killed from afar by Maggie

Illustrated notes

Levels and vault maps discovered:
D:1:      dpeg_arrival_three_smaller_balls, layout_basic
D:2:      layout_loops_ring
D:3:      layout_basic, serial_shops, nicolae_shop_stone, st_stairs_9,
          minmay_misc_feat_doors, eino_curves_03, uniq_robin
D:4:      minmay_wonky_spiral, layout_basic,
          mainiacjoe_overflow_surrounded_room, minivault_5
D:5:      layout_cave_pods, uniq_menkaure, uniq_eustachio
D:6:      cheibrodos_barr_body, layout_basic, minmay_crystal_room,
          minmay_pentangle, uniq_maggie, uniq_edmund

Skill      XL: |  1  2  3  4  5  6  7  8 |
---------------+-------------------------+-----
Dodging        | 3 5 6 |  6.0
Fighting       | 4 6 7 |  7.7
Shields        | 1 5 |  5.4
Throwing       | 1 4 |  4.6
Long Blades    | 6 7 |  7.0
Stealth        | 4 5 |  5.6
Short Blades   | 1 2 |  2.0
Ranged Weapons | |  0.2
Evocations     | |  0.9

Action                   |  1- 3 |  4- 6 |  7- 9 || total
-------------------------+-------+-------+-------++-------
Melee: Falchion          |   107 |    79 |    30 ||   216
       Tailslap          |    12 |     6 |    14 ||    32
       Dagger            |    15 |    21 |    56 ||    92
       Long sword        |       |       |     4 ||     4
 Fire: Sling             |       |       |     2 ||     2
Throw: Stone             |     5 |    20 |    11 ||    36
       Boomerang         |       |     1 |     1 ||     2
Invok: Berserk           |       |       |     1 ||     1
 Abil: Breathe Steam     |       |       |    15 ||    15
  Use: Scroll            |     1 |       |     9 ||    10
       Potion            |       |     2 |       ||     2
 Stab: Sleeping          |       |     5 |     6 ||    11
Armor: Skin              |    43 |    20 |    13 ||    76
Dodge: Dodged            |    62 |    51 |    43 ||   156
Block: Buckler           |    22 |    20 |    19 ||    61
       Reflection        |       |       |     2 ||     2
